 Dungeon Crawl Stone Soup version 0.20.0-8-g6b59dc7 (webtiles) character file.

2437 bobbobbob the Covert (level 9, 0/41 HPs)
             Began as a Spriggan Enchanter on May 29, 2017.
             Slain by a slave (5 damage)
             ... led by Pikel
             ... on level 7 of the Dungeon on May 30, 2017.
             The game lasted 00:50:34 (11756 turns).

bobbobbob the Covert (Spriggan Enchanter)          Turns: 11756, Time: 00:50:34

Health: 0/41       AC:  6    Str:  4    XL:     9   Next: 25%
Magic:  19/22      EV: 20    Int: 17    God:
Gold:   282        SH:  0    Dex: 19    Spells: 12/24 levels left

rFire    . . .     SeeInvis +   a - +2 dagger
rCold    . . .     Gourm    .   (shield restricted)
rNeg     . . .     Faith    .   y - +0 robe {MR+}
rPois    .         Spirit   .   v - +2 hat
rElec    .         Reflect  .   (no cloak)
rCorr    +         Harm     .   (gloves unavailable)
MR       ++...                  (boots unavailable)
Stlth    +++++.....             (no amulet)
Regen    0.2/turn               q - +2 ring of protection
MPRegen  0.2/turn               G - ring of resist corrosion

@: about to teleport, drained, very quick
A: unfitting armour, see invisible, herbivore 3, speed 3, slow metabolism 2
a: no special abilities


You were on level 7 of the Dungeon.
You were not hungry.

You visited 1 branch of the dungeon, and saw 8 of its levels.

You collected 364 gold pieces.
You spent 82 gold pieces at shops.

Inventory:

Hand Weapons
 a - a +2 dagger (weapon)
 D - a +0 dagger
Armour
 b - a +0 robe
 v - a +2 hat (worn)
 y - a +0 robe of magic resistance (worn)
 E - a +0 robe
 P - a cursed +0 robe
Jewellery
 q - a +2 ring of protection (left hand)
 G - a ring of resist corrosion (right hand)
Wands
 d - a wand of random effects (11/48)
 t - a wand of flame (30/48)
 N - a wand of confusion (27/48)
Scrolls
 e - 4 scrolls of amnesia {unknown}
 h - 7 scrolls of remove curse
 i - 2 scrolls of recharging {unknown}
 j - 3 scrolls of teleportation
 l - 2 scrolls of blinking {unknown}
 p - 2 scrolls of immolation {unknown}
 w - 2 scrolls of magic mapping {unknown}
 x - 3 scrolls of fear {unknown}
 O - a scroll of enchant armour {unknown}
Potions
 g - a potion of berserk rage {unknown}
 k - a potion of degeneration {unknown}
 m - 3 potions of might {unknown}
 n - 4 potions of curing
 o - 3 potions of mutation {unknown}
 r - a potion of cancellation {unknown}
 u - 2 potions of heal wounds {unknown}
 A - 2 potions of lignification {unknown}
 C - a potion of brilliance {unknown}
 I - a potion of invisibility {unknown}
 K - a potion of ambrosia {unknown}
 L - a potion of agility {unknown}
 M - a potion of flight {unknown}
Books
 c - a book of Maledictions

   Spells                             Type                      Level
   a - Corona                         Hexes                        1
   b - Ensorcelled Hibernation        Hexes/Ice                    2
   c - Confuse                        Hexes                        3
   d - Tukima's Dance                 Hexes                        3
   e - Dazzling Spray                 Conjuration/Hexes            3
 s - a book of Misfortune

   Spells                             Type                      Level
   a - Confusing Touch                Hexes                        1
   b - Confuse                        Hexes                        3
   c - Gell's Gravitas                Translocation                3
   d - Petrify                        Transmutation/Earth          4
   e - Metabolic Englaciation         Hexes/Ice                    5
   f - Yara's Violent Unravelling     Hexes/Transmutation          5
 B - a book of Necromancy

   Spells                             Type                      Level
   a - Pain                           Necromancy                   1
   b - Animate Skeleton               Necromancy                   1
   c - Vampiric Draining              Necromancy                   3
   d - Regeneration                   Charms/Necromancy            3
   e - Animate Dead                   Necromancy                   4
   f - Control Undead                 Necromancy                   4
 H - a book of Callings

   Spells                             Type                      Level
   a - Summon Small Mammal            Summoning                    1
   b - Call Imp                       Summoning                    2
   c - Call Canine Familiar           Summoning                    3
   d - Summon Guardian Golem          Hexes/Summoning              3
   e - Summon Lightning Spire         Summoning/Air                4
   f - Summon Ice Beast               Ice/Summoning                4
Comestibles
 z - a royal jelly
 F - a bread ration


   Skills:
 + Level 1.2(0.5) Fighting
 + Level 4.3(3.6) Short Blades
 + Level 4.8(4.1) Dodging
 + Level 10.3(9.5) Stealth
 + Level 8.0(7.2) Spellcasting
 + Level 0.7(0.0) Conjurations
 + Level 9.1(8.3) Hexes
 + Level 0.6(0.0) Evocations


You had 12 spell levels left.
You knew the following spells:

 Your Spells              Type           Power        Failure   Level  Hunger
a - Corona                Hex            ####...      1%          1    None
b - Confuse               Hex            ####....     1%          3    ##.....
c - Dazzling Spray        Conj/Hex       ###...       6%          3    ##.....
d - Tukima's Dance        Hex            ####....     1%          3    ##.....
e - Ensorcelled Hibernat  Hex/Ice        ###...       3%          2    None


Dungeon Overview and Level Annotations

Branches:
Dungeon (8/15)             Temple (0/1) D:6
   Lair: D:8-11

Altars:
Cheibriados
Dithmenos
Ru
Trog
Xom
Yredelemnul
Zin

Shops:
D:5 ?

Annotations:
D:3 1 runed door
D:7 Pikel


Innate Abilities, Weirdness & Mutations

You are very small and have problems with some larger weapons.
You are too small for most types of armour.
You have supernaturally acute eyesight. (SInv)
You are a herbivore.
You cover ground extremely quickly.
You need consume almost no food.


Message History

The slave closely misses you. The slave hits you. Pikel misses you.
The slave completely misses you. The slave hits you.
* * * LOW HITPOINT WARNING * * *
You climb upwards.
There is a stone staircase leading down here.
You see here 3 arrows.
Unknown command.
Casting: Confuse
Confirm with . or Enter, or press ? or * to list all spells.
Aiming: Dazzling Spray
Press: ? - help, Shift-Dir - straight line, f - slave
Aim: a slave, wearing an animal skin The spray of energy misses the slave. x2; The slave completely misses you.
The slave hits you!
* * * LOW HITPOINT WARNING * * *
Pikel hits you but does no damage. The slave hits you but does no damage.
The slave misses you.
As you read the scroll of teleportation, it crumbles to dust.
You feel strangely unstable. The slave misses you. The slave hits you.
You die...

##################
#pK...............
#@p.[.............
#pp...............
#....##...##.##.##
#....##########.##
#(............#...
#.............#...
##............+...
#............#...
#...#############


You could see Pikel and 4 slaves.

Vanquished Creatures
  The ghost of Mlkhall the Tormented, an amateur DsNe of Kikubaaqudgha (D:3)
  An orc warrior (D:7)
  A sky beast (D:6)
  An ogre (D:5)
  An ice beast (D:7)
  2 centaurs
  A big kobold (D:7)
  2 bullfrogs (D:7)
  3 scorpions
  6 wights
  5 howler monkeys
  A crimson imp (D:7)
  A bullfrog zombie (D:7)
  A centaur zombie (D:5)
  3 hounds
  A quasit (D:7)
  A bullfrog skeleton (D:7)
  2 orc priests (D:6)
  A gnoll shaman (D:6)
  Terence (D:2)
  Ijyb (D:3)
  Natasha (thrice) (D:2)
  2 iguanas
  3 orc wizards
  A worker ant (D:6)
  A hound zombie (D:7)
  A hound skeleton (D:4)
  2 worker ant zombies
  13 adders
  12 gnolls
  A shadow imp (D:5)
  2 adder skeletons
  A worm (D:6)
  4 dart slugs
  7 leopard geckos
  16 orcs
  4 bats
  6 giant cockroaches
  6 hobgoblins
  16 jackals
  6 kobolds
  3 quokkas
  2 ball pythons
  7 frilled lizards
  7 goblins
  A jackal skeleton (D:4)
  12 rats
176 creatures vanquished.

Notes
Turn   | Place    | Note
-------+----------+-------------------------------------------
     0 | D:1      | bobbobbob the Spriggan Enchanter began the quest for the Orb.
     0 | D:1      | Reached XP level 1. HP: 9/9 MP: 5/5
   220 | D:1      | Reached XP level 2. HP: 7/13 MP: 4/6
   661 | D:1      | Reached XP level 3. HP: 6/16 MP: 2/8
   854 | D:1      | Learned a level 3 spell: Confuse
   858 | D:1      | Learned a level 3 spell: Dazzling Spray
  1175 | D:2      | Noticed Natasha
  1301 | D:2      | Killed Natasha
  1491 | D:2      | Reached XP level 4. HP: 21/21 MP: 10/10
  1548 | D:2      | Reached skill level 5 in Stealth
  1589 | D:2      | Noticed Natasha
  1598 | D:2      | Killed Natasha
  1920 | D:2      | Noticed Natasha
  2154 | D:2      | Found a bloodstained altar of Trog.
  2546 | D:1      | Reached skill level 5 in Hexes
  2546 | D:1      | Reached XP level 5. HP: 24/24 MP: 0/11
  2741 | D:2      | Noticed Terence
  2923 | D:2      | Killed Terence
  3200 | D:2      | Killed Natasha
  4004 | D:3      | Noticed Mlkhall's ghost (amateur DsNe)
  4032 | D:3      | Killed Mlkhall's ghost
  4032 | D:3      | Reached skill level 6 in Stealth
  4032 | D:3      | Reached XP level 6. HP: 10/28 MP: 3/13
  4364 | D:3      | Noticed Ijyb
  4370 | D:3      | Killed Ijyb
  4659 | D:3      | Found a runed door.
  4659 | D:3      | Found a glowing silver altar of Zin.
  4659 | D:3      | Noticed an angel
  4949 | D:3      | Found a basalt altar of Yredelemnul.
  5416 | D:3      | Upgraded the game from 0.20.0-7-g3b7b877 to 0.20.0-8-g6b59dc7
  5680 | D:4      | Reached skill level 5 in Spellcasting
  5680 | D:4      | Reached XP level 7. HP: 32/32 MP: 11/15
  5959 | D:4      | Reached skill level 7 in Stealth
  6152 | D:5      | Entered Level 5 of the Dungeon
  7077 | D:5      | Found a shadowy altar of Dithmenos.
  7077 | D:5      | Found a sacrificial altar of Ru.
  7167 | D:5      | Found a shimmering altar of Xom.
  7216 | D:5      | Found Gapt's Magic Scroll Emporium.
  7219 | D:5      | Bought a scroll of enchant weapon for 82 gold pieces
  7513 | D:5      | Reached skill level 8 in Stealth
  7776 | D:5      | Reached XP level 8. HP: 37/37 MP: 7/18
  8481 | D:6      | Found a sacrificial altar of Ru.
  9282 | D:6      | Found a staircase to the Ecumenical Temple.
  9300 | D:6      | Reached skill level 1 in Fighting
  9398 | D:6      | Found a snail-covered altar of Cheibriados.
  9773 | D:6      | Reached skill level 9 in Stealth
 10499 | D:7      | Reached XP level 9. HP: 41/41 MP: 0/21
 10510 | D:7      | Reached skill level 10 in Stealth
 11397 | D:7      | Learned a level 3 spell: Tukima's Dance
 11400 | D:7      | Learned a level 2 spell: Ensorcelled Hibernation
 11605 | D:8      | Noticed Pikel
 11756 | D:7      | Slain by a slave

Skill      XL: |  1  2  3  4  5  6  7  8  9 |
---------------+----------------------------+-----
Hexes          | 4 5 6 7 8 9 |  9.1
Spellcasting   | 3 4 5 6 7 8 |  8.0
Stealth        | 5 6 8 9 10 | 10.3
Short Blades   | 2 3 4 |  4.3
Dodging        | 4 |  4.8
Fighting       | 1 |  1.2
Conjurations   | |  0.7
Evocations     | |  0.6

Action                   |  1- 3 |  4- 6 |  7- 9 || total
-------------------------+-------+-------+-------++-------
Melee: Dagger            |    85 |   239 |   259 ||   583
 Cast: Corona            |    23 |    17 |     1 ||    41
       Confuse           |     8 |    73 |    94 ||   175
       Dazzling Spray    |       |     3 |    20 ||    23
Evoke: Wand              |       |       |     2 ||     2
  Use: Scroll            |       |       |    10 ||    10
       Potion            |       |       |     2 ||     2
 Stab: Sleeping          |     7 |     8 |    19 ||    34
       Confused          |     1 |    28 |    49 ||    78
       Distracted        |       |       |     3 ||     3
       Invisible         |       |       |     3 ||     3
  Eat: Bread ration      |       |     1 |     1 ||     2
       Fruit             |       |     5 |     4 ||     9
       Royal jelly       |       |       |     1 ||     1
Armor: Robe              |    10 |    19 |    16 ||    45
Dodge: Dodged            |    99 |   207 |   176 ||   482
